Senators vs Monarchs
(R1)
Created - 10 septembre 2014 at 19:30
Simulating a Pre-Season
Goals
|
| Senators |
1 |
1 |
1 |
3 |
| Monarchs |
0 |
2 |
2 |
4 |
|
Shots
|
| Senators |
12 |
10 |
5 |
27 |
| Monarchs |
7 |
13 |
9 |
29 |
|
1st period
1. Senators , Logan Stephenson 1 (Zack Kassian, Gabriel Bourque) at 16:23
Penalties :
Brian Pothier (MAN) for Cross-checking (Minor) at 2:02, Brian Pothier (MAN) for Slashing (Minor) at 9:05, David Clarkson (MAN) for Interference (Minor) at 17:04
2nd period
2. Monarchs , Brian Pothier 1 (David Clarkson) at 1:24 (PP)
3. Monarchs , Matt Duchene 4 (Brian Gionta) at 6:13 (PP)
4. Senators , Vladimir Mihalik 1 (Brett Sterling, Steven Goertzen) at 16:31 (PP)
Penalties :
Josh Hennessy (BIN) for Roughing (Minor) at 0:49, Matt Martin (MAN) for Interference (Minor) at 2:16, Gabriel Bourque (BIN) for Tripping (Minor) at 6:12, Brayden Schenn (MAN) for Hooking (Minor) at 11:30, Brayden Schenn (MAN) for Hooking (Minor) at 14:40, Jacob Markstrom (BIN) for Slashing (Minor) at 16:35 - Erik Karlsson served the penalty
3rd period
5. Senators , Jack Skille 2 (Gabriel Bourque, Erik Haula) at 1:27
6. Monarchs , Brian Gionta 2 (Matt Duchene) at 3:03 (PP)
7. Monarchs , Matt Martin 1 (Marc-André Bernier, Brian Pothier) at 7:46
Penalties :
Cody Hodgson (BIN) for Hooking (Minor) at 2:54, Dylan Hunter (BIN) for Tripping (Minor) at 8:58, Steven Goertzen (BIN) for Interference (Minor) at 15:21, Stanislav Chistov (BIN) for Tripping (Minor) at 19:22
Goalie Stats
Jacob Markstrom (BIN), 25 saves from 29 shots - (0,862), L, 1-1-0, 59:38 minutes
Peter Budaj (MAN), 24 saves from 27 shots - (0,889), W, 1-0-0, 60:00 minutes
Players Stats for Senators
Player Name G A P +/- PIM S H SB GA TA FO MP PP MP PK MP
------------------------------------------------------------------------------------
Brett Sterling 0 1 1 -1 0 1 0 0 0 1 0/0 18:00 5:13 1:27
Cody Hodgson 0 0 0 -1 2 0 0 1 1 0 6/14 16:31 5:13 0:00
Dylan Hunter 0 0 0 0 2 4 2 1 0 0 1/2 10:43 0:00 1:48
Erik Haula 0 1 1 2 0 0 0 1 0 0 1/1 8:57 0:00 0:52
Erik Karlsson 0 0 0 1 0 1 1 1 0 0 0/0 22:47 6:32 2:42
Gabriel Bourque 0 2 2 2 2 0 0 0 2 0 0/0 8:07 0:00 0:03
Jack Skille 1 0 1 1 0 4 2 0 2 1 0/0 12:06 0:23 0:00
Josh Hennessy 0 0 0 0 2 2 3 0 1 0 10/29 22:29 6:10 3:36
Logan Stephenson 1 0 1 1 0 2 2 2 0 1 0/0 20:56 5:28 3:29
Mark Olver 0 0 0 0 0 2 3 0 0 0 1/3 10:04 0:23 0:00
Milan Jurcina 0 0 0 0 0 1 3 2 0 0 0/0 26:35 4:37 3:50
Patrick Wey 0 0 0 0 0 0 1 0 0 0 0/0 10:17 1:18 0:00
Sergei Kostitsyn 0 0 0 0 0 1 3 0 2 2 1/1 21:08 6:10 1:55
Stanislav Chistov 0 0 0 0 2 1 1 0 0 1 0/0 23:02 6:10 3:54
Steven Goertzen 0 1 1 -1 2 3 3 0 0 1 1/1 17:53 5:13 1:03
Tyson Barrie 0 0 0 0 0 1 0 0 0 1 0/0 11:05 0:19 0:47
Vladimir Mihalik 1 0 1 0 0 3 2 2 2 1 0/0 28:21 5:18 3:50
Zack Kassian 0 1 1 1 0 1 0 1 0 0 0/0 3:34 0:23 0:00
Players Stats for Monarchs
Player Name G A P +/- PIM S H SB GA TA FO MP PP MP PK MP
------------------------------------------------------------------------------------
Alec Martinez 0 0 0 -1 0 0 1 0 0 0 0/0 7:51 0:00 0:00
Alex Chiasson 0 0 0 0 0 0 0 0 1 0 0/0 8:40 0:00 2:19
Brayden Schenn 0 0 0 0 4 3 1 0 0 2 4/6 12:13 0:00 0:18
Brian Gionta 1 1 2 -1 0 1 2 0 2 0 6/12 25:14 3:35 5:47
Brian Pothier 1 1 2 1 4 7 1 1 1 2 0/0 24:47 4:17 4:37
Brock Trotter 0 0 0 -1 0 0 2 1 0 0 0/1 21:02 3:37 5:02
Cory Sarich 0 0 0 1 0 2 2 0 0 2 0/0 27:28 4:17 7:06
David Clarkson 0 1 1 0 2 3 3 1 0 0 0/0 18:20 3:14 3:20
Dwight King 0 0 0 0 0 1 4 0 0 1 0/0 15:37 3:14 0:39
James Wisniewski 0 0 0 -1 0 2 0 1 0 0 0/0 19:56 3:02 4:40
John Moore 0 0 0 -1 0 0 0 0 0 1 0/0 9:28 0:00 1:37
Justin Schultz 0 0 0 -1 0 0 2 1 0 1 0/0 19:56 3:02 4:40
Kyle Wharton 0 0 0 0 0 0 0 0 0 0 0/0 6:01 0:00 0:52
Marc-André Bernier 0 1 1 0 0 2 0 0 2 0 0/0 12:42 0:42 0:00
Matt Duchene 1 1 2 -1 0 6 0 1 2 1 18/26 21:46 3:53 5:58
Matt Martin 1 0 1 0 2 2 0 0 1 0 0/0 12:27 0:28 0:00
Maxime Macenauer 0 0 0 0 0 0 0 0 0 0 1/1 5:06 0:00 0:09
Slava Voynov 0 0 0 0 0 0 0 0 0 0 0/0 4:45 0:00 0:00
Tommy Wingels 0 0 0 0 0 0 1 0 0 0 1/5 14:49 3:14 0:00
3 Stars
1 - Logan Stephenson (BIN)
2 - Brian Gionta (MAN)
3 - Jack Skille (BIN)
Power Play
Senators - 1 on 6 Attempt(s) - 16,67%
Monarchs - 3 on 7 Attempt(s) - 42,86%
Penalty Kill
Senators - 4 on 7 Attempt(s) - 57,14%
- Score 0 goal in Penalty Kill
Monarchs - 5 on 6 Attempt(s) - 83,33%
- Score 0 goal in Penalty Kill
Official
Referees : O'Rourke Dan and Banfield David
Linesman : Andy McElman and Brad Lazarowich
Game Notes
Zack Kassian is injured at 19:19 of 1st period (Sore Left Knee)
Senators
5 vs 5 Forward
Center Left Wing Right Wing Time % Phy DF OF
1 Josh Hennessy Sergei Kostitsyn Stanislav Chistov 35 1 2 2
2 Cody Hodgson Brett Sterling Steven Goertzen 30 1 2 2
3 Mark Olver Dylan Hunter Jack Skille 20 1 2 2
4 Erik Haula Gabriel Bourque Zack Kassian 15 1 2 2
5 vs 5 Defense
Defense Defense Time % Phy DF OF
1 Vladimir Mihalik Milan Jurcina 40 1 2 2
2 Logan Stephenson Erik Karlsson 30 1 2 2
3 Patrick Wey Tyson Barrie 20 1 2 2
4 Vladimir Mihalik Milan Jurcina 10 1 2 2
PowerPlay Forward
Center Left Wing Right Wing Time % Phy DF OF
1 Josh Hennessy Sergei Kostitsyn Stanislav Chistov 60 1 2 2
2 Cody Hodgson Brett Sterling Steven Goertzen 40 1 2 2
PowerPlay Defense
Defense Defense Time % Phy DF OF
1 Vladimir Mihalik Erik Karlsson 60 1 2 2
2 Logan Stephenson Milan Jurcina 40 1 2 2
Penalty Kill 4 Players Forward
Center Wing Time % Phy DF OF
1 Josh Hennessy Stanislav Chistov 60 1 2 2
2 Steven Goertzen Sergei Kostitsyn 40 1 2 2
Penalty Kill 4 Players Defense
Defense Defense Time % Phy DF OF
1 Vladimir Mihalik Milan Jurcina 60 1 2 2
2 Logan Stephenson Erik Karlsson 40 1 2 2
Penalty Kill - 3 Players Forward
Forward Time % Phy DF OF
1 Josh Hennessy 60 1 2 2
2 Stanislav Chistov 40 1 2 2
Penalty Kill - 3 Players Defense
Defense Defense Time % Phy DF OF
1 Vladimir Mihalik Milan Jurcina 60 1 2 2
2 Logan Stephenson Erik Karlsson 40 1 2 2
4 vs 4 Forward
Center Wing Time % Phy DF OF
1 Josh Hennessy Stanislav Chistov 60 1 2 2
2 Steven Goertzen Sergei Kostitsyn 40 1 2 2
4 vs 4 Defense
Defense Defense Time % Phy DF OF
1 Vladimir Mihalik Milan Jurcina 60 1 2 2
2 Logan Stephenson Erik Karlsson 40 1 2 2
Last Minutes Offensive
Center Left Wing Right Wing Defense Defense
Josh Hennessy Sergei Kostitsyn Stanislav Chistov Vladimir Mihalik Milan Jurcina
Last Minutes Defensive
Center Left Wing Right Wing Defense Defense
Josh Hennessy Sergei Kostitsyn Stanislav Chistov Vladimir Mihalik Milan Jurcina
Goaltenders
Starting : Jacob Markstrom
Backup : Alexander Salak
Extra Forwards
Normal : Jack Skille, Mark Olver, Dylan Hunter - PP : Jack Skille, Mark Olver - PK : Dylan Hunter
Extra Defensemen
Normal : Patrick Wey, Tyson Barrie, Logan Stephenson - PP : Patrick Wey - PK : Tyson Barrie, Logan Stephenson
Penalty Shots
Josh Hennessy, Stanislav Chistov, Steven Goertzen, Sergei Kostitsyn, Brett Sterling
Monarchs
5 vs 5 Forward
Center Left Wing Right Wing Time % Phy DF OF
1 Matt Duchene Brock Trotter Brian Gionta 40 1 2 2
2 Tommy Wingels Dwight King David Clarkson 30 1 2 2
3 Brayden Schenn Matt Martin Marc-André Bernier 20 1 2 2
4 Maxime Macenauer Brian Gionta Alex Chiasson 10 1 2 2
5 vs 5 Defense
Defense Defense Time % Phy DF OF
1 Cory Sarich Brian Pothier 40 1 2 2
2 James Wisniewski Justin Schultz 30 1 2 2
3 Alec Martinez John Moore 20 1 2 2
4 Kyle Wharton Slava Voynov 10 1 2 2
PowerPlay Forward
Center Left Wing Right Wing Time % Phy DF OF
1 Matt Duchene Brock Trotter Brian Gionta 60 1 2 2
2 Tommy Wingels Dwight King David Clarkson 40 1 2 2
PowerPlay Defense
Defense Defense Time % Phy DF OF
1 Cory Sarich Brian Pothier 60 1 2 2
2 James Wisniewski Justin Schultz 40 1 2 2
Penalty Kill 4 Players Forward
Center Wing Time % Phy DF OF
1 Brian Gionta Matt Duchene 60 1 2 2
2 David Clarkson Brock Trotter 40 1 2 2
Penalty Kill 4 Players Defense
Defense Defense Time % Phy DF OF
1 Cory Sarich Brian Pothier 60 1 2 2
2 James Wisniewski Justin Schultz 40 1 2 2
Penalty Kill - 3 Players Forward
Forward Time % Phy DF OF
1 Brian Gionta 60 1 2 2
2 Matt Duchene 40 1 2 2
Penalty Kill - 3 Players Defense
Defense Defense Time % Phy DF OF
1 Cory Sarich Brian Pothier 60 1 2 2
2 James Wisniewski Justin Schultz 40 1 2 2
4 vs 4 Forward
Center Wing Time % Phy DF OF
1 Brian Gionta Matt Duchene 60 1 2 2
2 David Clarkson Brock Trotter 40 1 2 2
4 vs 4 Defense
Defense Defense Time % Phy DF OF
1 Cory Sarich Brian Pothier 60 1 2 2
2 James Wisniewski Justin Schultz 40 1 2 2
Last Minutes Offensive
Center Left Wing Right Wing Defense Defense
Matt Duchene Brock Trotter Brian Gionta Cory Sarich Brian Pothier
Last Minutes Defensive
Center Left Wing Right Wing Defense Defense
Matt Duchene Brock Trotter Brian Gionta Cory Sarich Brian Pothier
Goaltenders
Starting : Peter Budaj
Backup : Sergei Bobrovsky
Extra Forwards
Normal : Marc-André Bernier, Matt Martin, Alex Chiasson - PP : Marc-André Bernier, Matt Martin - PK : Alex Chiasson
Extra Defensemen
Normal : Alec Martinez, John Moore, Kyle Wharton - PP : Alec Martinez - PK : John Moore, Kyle Wharton
Penalty Shots
Brian Gionta, Matt Duchene, David Clarkson, Brock Trotter, Marc-André Bernier
% Time on Ice - Senators
Lines # - Real PCT - Wanted PCT - Time Play
Normal Forward
1 - 31% - 35% - 12:27
2 - 29% - 30% - 11:47
3 - 20% - 20% - 7:59
4 - 20% - 15% - 8:05
Normal Defense
1 - 44% - 40% - 17:47
2 - 32% - 30% - 12:43
3 - 22% - 20% - 8:59
4 - 2% - 10% - 0:49
PP Forward
1 - 56% - 60% - 6:33
2 - 44% - 40% - 5:13
PP Defense
1 - 57% - 60% - 6:41
2 - 43% - 40% - 5:05
PK Forward
1 - 74% - 60% - 5:24
2 - 26% - 40% - 1:55
PK Defense
1 - 52% - 60% - 3:50
2 - 48% - 40% - 3:29
PK3 Forward
1 - 0% - 60%
2 - 0% - 40%
PK3 Defense
1 - 0% - 60%
2 - 0% - 40%
44 Forward
1 - 0% - 60%
2 - 0% - 40%
44 Defense
1 - 0% - 60%
2 - 0% - 40%
Last Minute Offensive - 0:37
Last Minute Defensive - 0:00
Total
Forward - 60:00
Defense - 60:00
|
% Time on Ice - Monarchs
Lines # - Real PCT - Wanted PCT - Time Play
Normal Forward
1 - 29% - 40% - 11:44
2 - 32% - 30% - 12:55
3 - 27% - 20% - 10:42
4 - 12% - 10% - 4:56
Normal Defense
1 - 40% - 40% - 16:05
2 - 29% - 30% - 11:36
3 - 19% - 20% - 7:51
4 - 12% - 10% - 4:45
PP Forward
1 - 56% - 60% - 4:05
2 - 44% - 40% - 3:14
PP Defense
1 - 59% - 60% - 4:17
2 - 41% - 40% - 3:02
PK Forward
1 - 65% - 60% - 7:39
2 - 35% - 40% - 4:07
PK Defense
1 - 60% - 60% - 7:06
2 - 40% - 40% - 4:40
PK3 Forward
1 - 0% - 60%
2 - 0% - 40%
PK3 Defense
1 - 0% - 60%
2 - 0% - 40%
44 Forward
1 - 0% - 60%
2 - 0% - 40%
44 Defense
1 - 0% - 60%
2 - 0% - 40%
Last Minute Offensive - 0:00
Last Minute Defensive - 0:38
Total
Forward - 60:00
Defense - 60:00
|
Play by Play
1st period
0:01 of 1st period - Matt Duchene wins face-off versus Josh Hennessy in neutral zone.
0:33 of 1st period - Milan Jurcina is hit by Justin Schultz and loses puck.
1:35 of 1st period - Snap shot by David Clarkson.
1:35 of 1st period - Stopped by Jacob Markstrom with a rebound.
2:02 of 1st period - Minor Penalty to Brian Pothier for Cross-checking.
2:03 of 1st period - Brian Gionta wins face-off versus Josh Hennessy in Monarchs zone.
3:08 of 1st period - Cory Sarich is hit by Logan Stephenson and loses puck.
4:02 of 1st period - Penalty to Brian Pothier is over, Brian Pothier is back on ice.
4:45 of 1st period - Wrist shot by Dylan Hunter.
4:45 of 1st period - Stopped by Peter Budaj without a rebound.
4:46 of 1st period - Mark Olver wins face-off versus Tommy Wingels in Monarchs zone.
4:52 of 1st period - Wrist shot by Dylan Hunter.
4:52 of 1st period - Shot Misses the Net.
4:56 of 1st period - Snap shot by Jack Skille.
4:56 of 1st period - Shot Blocked by Justin Schultz.
4:58 of 1st period - Wrist shot by Dylan Hunter.
4:58 of 1st period - Stopped by Peter Budaj without a rebound.
4:59 of 1st period - Matt Duchene wins face-off versus Cody Hodgson in Monarchs zone.
5:42 of 1st period - Logan Stephenson is hit by David Clarkson and loses puck.
6:12 of 1st period - Brett Sterling is hit by David Clarkson and loses puck.
6:19 of 1st period - Slapshot by David Clarkson.
6:19 of 1st period - Shot Misses the Net.
6:21 of 1st period - Snap shot by James Wisniewski.
6:21 of 1st period - Shot Misses the Net.
6:23 of 1st period - Snap shot by Dwight King.
6:23 of 1st period - Stopped by Jacob Markstrom without a rebound.
6:24 of 1st period - Matt Duchene wins face-off versus Josh Hennessy in Senators zone.
6:37 of 1st period - Slapshot by Josh Hennessy.
6:37 of 1st period - Shot Misses the Net.
6:45 of 1st period - Brock Trotter is hit by Sergei Kostitsyn.
7:19 of 1st period - John Moore is hit by Patrick Wey and loses puck.
7:43 of 1st period - Snap shot by Matt Duchene.
7:43 of 1st period - Shot Blocked by Erik Haula.
9:05 of 1st period - Minor Penalty to Brian Pothier for Slashing.
9:06 of 1st period - Brian Gionta wins face-off versus Josh Hennessy in Monarchs zone.
9:42 of 1st period - Cody Hodgson is hit by Cory Sarich.
10:26 of 1st period - Wrist shot by Brock Trotter.
10:26 of 1st period - Shot Misses the Net.
11:04 of 1st period - Brock Trotter is hit by Jack Skille and loses puck.
11:05 of 1st period - Penalty to Brian Pothier is over, Brian Pothier is back on ice.
11:09 of 1st period - Snap shot by Jack Skille.
11:09 of 1st period - Stopped by Peter Budaj with a rebound.
11:11 of 1st period - Wrist shot by Zack Kassian.
11:11 of 1st period - Shot Misses the Net.
11:13 of 1st period - Wrist shot by Mark Olver.
11:13 of 1st period - Stopped by Peter Budaj with a rebound.
11:25 of 1st period - Slapshot by Cory Sarich.
11:25 of 1st period - Shot Misses the Net.
11:27 of 1st period - Slapshot by Cory Sarich.
11:27 of 1st period - Stopped by Jacob Markstrom without a rebound.
11:28 of 1st period - Brayden Schenn wins face-off versus Mark Olver in Senators zone.
11:37 of 1st period - Backhand shot by Dylan Hunter.
11:37 of 1st period - Shot Misses the Net.
11:39 of 1st period - Snap shot by Dylan Hunter.
11:39 of 1st period - Stopped by Peter Budaj with a rebound.
11:41 of 1st period - Wrist shot by Jack Skille.
11:41 of 1st period - Stopped by Peter Budaj without a rebound.
11:42 of 1st period - Maxime Macenauer wins face-off versus Josh Hennessy in Monarchs zone.
12:12 of 1st period - Wrist shot by Cody Hodgson.
12:12 of 1st period - Shot Blocked by David Clarkson.
12:54 of 1st period - Snap shot by Marc-André Bernier.
12:54 of 1st period - Stopped by Jacob Markstrom with a rebound.
12:58 of 1st period - Slapshot by Brayden Schenn.
12:58 of 1st period - Stopped by Jacob Markstrom with a rebound.
13:00 of 1st period - Snap shot by Marc-André Bernier.
13:00 of 1st period - Shot Misses the Net.
13:12 of 1st period - Wrist shot by Brian Gionta.
13:12 of 1st period - Shot Blocked by Logan Stephenson.
13:27 of 1st period - Slapshot by Brian Pothier.
13:27 of 1st period - Stopped by Jacob Markstrom without a rebound.
13:28 of 1st period - Brayden Schenn wins face-off versus Cody Hodgson in Senators zone.
13:47 of 1st period - Snap shot by Steven Goertzen.
13:47 of 1st period - Shot Misses the Net.
13:49 of 1st period - Snap shot by Vladimir Mihalik.
13:49 of 1st period - Deflect By Steven Goertzen.
13:49 of 1st period - Stopped by Peter Budaj without a rebound.
13:50 of 1st period - Matt Duchene wins face-off versus Josh Hennessy in Monarchs zone.
15:10 of 1st period - Slapshot by Vladimir Mihalik.
15:10 of 1st period - Deflect By Cory Sarich.
15:10 of 1st period - Stopped by Peter Budaj without a rebound.
15:11 of 1st period - Matt Duchene wins face-off versus Josh Hennessy in Monarchs zone.
15:57 of 1st period - Snap shot by James Wisniewski.
15:57 of 1st period - Shot Misses the Net.
16:03 of 1st period - Snap shot by Jack Skille.
16:03 of 1st period - Stopped by Peter Budaj with a rebound.
16:21 of 1st period - Snap shot by Zack Kassian.
16:21 of 1st period - Stopped by Peter Budaj with a rebound.
16:23 of 1st period - Slapshot by Logan Stephenson.
16:23 of 1st period - Deflect By Alec Martinez.
16:23 of 1st period - Goal by Logan Stephenson - Senators : 1 - Monarchs : 0.
16:24 of 1st period - Matt Duchene wins face-off versus Josh Hennessy in neutral zone.
16:35 of 1st period - Wrist shot by Sergei Kostitsyn.
16:35 of 1st period - Stopped by Peter Budaj with a rebound.
17:04 of 1st period - Minor Penalty to David Clarkson for Interference.
17:05 of 1st period - Josh Hennessy wins face-off versus Brian Gionta in Monarchs zone.
18:29 of 1st period - Brock Trotter is hit by Milan Jurcina and loses puck.
19:04 of 1st period - Penalty to David Clarkson is over, David Clarkson is back on ice.
19:19 of 1st period - Snap shot by Marc-André Bernier.
19:19 of 1st period - Shot Blocked by Zack Kassian.
19:19 of 1st period - Zack Kassian from Senators is injured at 19:19 of 1st period (Sore Left Knee).
19:20 of 1st period - Matt Duchene wins face-off versus Josh Hennessy in Senators zone.
19:32 of 1st period - Snap shot by Matt Duchene.
19:32 of 1st period - Stopped by Jacob Markstrom without a rebound.
19:33 of 1st period - Josh Hennessy wins face-off versus Brian Gionta in Senators zone.
19:33 of 1st period - Josh Hennessy is hit by Brian Gionta.
Goals for this period are 1 for Senators vs 0 for Monarchs .
Shots for this period are 12 for Senators vs 7 for Monarchs .
2nd period
0:01 of 2nd period - Josh Hennessy wins face-off versus Matt Duchene in neutral zone.
0:14 of 2nd period - Snap shot by Matt Duchene.
0:14 of 2nd period - Stopped by Jacob Markstrom without a rebound.
0:15 of 2nd period - Matt Duchene wins face-off versus Cody Hodgson in Senators zone.
0:22 of 2nd period - Wrist shot by Matt Duchene.
0:22 of 2nd period - Shot Blocked by Vladimir Mihalik.
0:49 of 2nd period - Minor Penalty to Josh Hennessy for Roughing.
0:50 of 2nd period - Matt Duchene wins face-off versus Dylan Hunter in Senators zone.
1:20 of 2nd period - Slapshot by Brian Pothier.
1:20 of 2nd period - Stopped by Jacob Markstrom with a rebound.
1:22 of 2nd period - Wrist shot by Brian Pothier.
1:22 of 2nd period - Stopped by Jacob Markstrom with a rebound.
1:24 of 2nd period - Slapshot by Brian Pothier.
1:24 of 2nd period - Goal by Brian Pothier - Senators : 1 - Monarchs : 1.
1:25 of 2nd period - Cody Hodgson wins face-off versus Matt Duchene in neutral zone.
1:32 of 2nd period - Wrist shot by Brett Sterling.
1:32 of 2nd period - Stopped by Peter Budaj with a rebound.
1:57 of 2nd period - Logan Stephenson is hit by David Clarkson and loses puck.
2:11 of 2nd period - Slapshot by Logan Stephenson.
2:11 of 2nd period - Stopped by Peter Budaj with a rebound.
2:16 of 2nd period - Minor Penalty to Matt Martin for Interference.
2:17 of 2nd period - Brian Gionta wins face-off versus Josh Hennessy in Monarchs zone.
2:33 of 2nd period - Wrist shot by Brian Gionta.
2:33 of 2nd period - Shot Misses the Net.
2:43 of 2nd period - Brian Pothier is hit by Steven Goertzen and loses puck.
3:24 of 2nd period - Josh Hennessy is hit by Brock Trotter and loses puck.
4:16 of 2nd period - Penalty to Matt Martin is over, Matt Martin is back on ice.
4:21 of 2nd period - James Wisniewski is hit by Josh Hennessy and loses puck.
4:36 of 2nd period - Slapshot by Erik Karlsson.
4:36 of 2nd period - Stopped by Peter Budaj with a rebound.
4:38 of 2nd period - Snap shot by Dylan Hunter.
4:38 of 2nd period - Stopped by Peter Budaj without a rebound.
4:39 of 2nd period - Tommy Wingels wins face-off versus Mark Olver in Monarchs zone.
4:39 of 2nd period - Tommy Wingels is hit by Jack Skille.
5:09 of 2nd period - Wrist shot by Brayden Schenn.
5:09 of 2nd period - Stopped by Jacob Markstrom with a rebound.
5:31 of 2nd period - Slapshot by Brian Pothier.
5:31 of 2nd period - Shot Blocked by Cody Hodgson.
5:45 of 2nd period - Milan Jurcina is hit by Tommy Wingels and loses puck.
5:52 of 2nd period - Brian Pothier is hit by Stanislav Chistov and loses puck.
6:12 of 2nd period - Minor Penalty to Gabriel Bourque for Tripping.
6:13 of 2nd period - Brian Gionta wins face-off versus Josh Hennessy in Senators zone.
6:13 of 2nd period - Wrist shot by Matt Duchene.
6:13 of 2nd period - Goal by Matt Duchene - Senators : 1 - Monarchs : 2.
6:14 of 2nd period - Josh Hennessy wins face-off versus Matt Duchene in neutral zone.
6:19 of 2nd period - Slapshot by Milan Jurcina.
6:19 of 2nd period - Stopped by Peter Budaj without a rebound.
6:20 of 2nd period - Josh Hennessy wins face-off versus Matt Duchene in Monarchs zone.
6:25 of 2nd period - Wrist shot by Stanislav Chistov.
6:25 of 2nd period - Shot Blocked by Brock Trotter.
7:14 of 2nd period - Snap shot by Justin Schultz.
7:14 of 2nd period - Shot Blocked by Vladimir Mihalik.
7:20 of 2nd period - Wrist shot by Dylan Hunter.
7:20 of 2nd period - Shot Misses the Net.
7:22 of 2nd period - Wrist shot by Jack Skille.
7:22 of 2nd period - Shot Misses the Net.
8:00 of 2nd period - Snap shot by Marc-André Bernier.
8:00 of 2nd period - Shot Blocked by Erik Karlsson.
8:02 of 2nd period - Slapshot by James Wisniewski.
8:02 of 2nd period - Stopped by Jacob Markstrom without a rebound.
8:03 of 2nd period - Cody Hodgson wins face-off versus Tommy Wingels in Senators zone.
8:03 of 2nd period - Cody Hodgson is hit by Brian Pothier.
8:19 of 2nd period - Backhand shot by David Clarkson.
8:19 of 2nd period - Shot Misses the Net.
8:53 of 2nd period - Mark Olver is hit by Brock Trotter and loses puck.
10:21 of 2nd period - Slapshot by Brian Pothier.
10:21 of 2nd period - Deflect By Erik Karlsson.
10:21 of 2nd period - Stopped by Jacob Markstrom with a rebound.
10:23 of 2nd period - Backhand shot by Brian Pothier.
10:23 of 2nd period - Shot Blocked by Logan Stephenson.
10:25 of 2nd period - Snap shot by Matt Martin.
10:25 of 2nd period - Shot Misses the Net.
11:09 of 2nd period - Matt Duchene is hit by Dylan Hunter and loses puck.
11:30 of 2nd period - Minor Penalty to Brayden Schenn for Hooking.
11:31 of 2nd period - Josh Hennessy wins face-off versus Brian Gionta in Monarchs zone.
11:38 of 2nd period - Snap shot by Stanislav Chistov.
11:38 of 2nd period - Shot Misses the Net.
11:56 of 2nd period - Cory Sarich is hit by Milan Jurcina and loses puck.
12:09 of 2nd period - James Wisniewski is hit by Steven Goertzen and loses puck.
12:20 of 2nd period - Justin Schultz is hit by Sergei Kostitsyn and loses puck.
12:44 of 2nd period - Cory Sarich is hit by Josh Hennessy and loses puck.
13:30 of 2nd period - Penalty to Brayden Schenn is over, Brayden Schenn is back on ice.
14:40 of 2nd period - Minor Penalty to Brayden Schenn for Hooking.
14:41 of 2nd period - Brian Gionta wins face-off versus Josh Hennessy in Monarchs zone.
15:13 of 2nd period - Brian Pothier is hit by Steven Goertzen and loses puck.
15:25 of 2nd period - Icing by Milan Jurcina.
15:26 of 2nd period - Brian Gionta wins face-off versus Cody Hodgson in Senators zone.
15:34 of 2nd period - Icing by Steven Goertzen.
15:35 of 2nd period - Cody Hodgson wins face-off versus Brian Gionta in Senators zone.
15:40 of 2nd period - Brian Pothier is hit by Josh Hennessy and loses puck.
15:45 of 2nd period - Slapshot by Josh Hennessy.
15:45 of 2nd period - Shot Misses the Net.
16:06 of 2nd period - Brock Trotter is hit by Milan Jurcina and loses puck.
16:13 of 2nd period - Wrist shot by Stanislav Chistov.
16:13 of 2nd period - Stopped by Peter Budaj with a rebound.
16:15 of 2nd period - Slapshot by Josh Hennessy.
16:15 of 2nd period - Stopped by Peter Budaj with a rebound.
16:17 of 2nd period - Snap shot by Stanislav Chistov.
16:17 of 2nd period - Deflect By Brian Pothier.
16:17 of 2nd period - Shot Misses the Net.
16:17 of 2nd period - Puck is out of play.
16:18 of 2nd period - Cody Hodgson wins face-off versus Brian Gionta in Monarchs zone.
16:19 of 2nd period - Wrist shot by Steven Goertzen.
16:19 of 2nd period - Stopped by Peter Budaj without a rebound.
16:20 of 2nd period - Cody Hodgson wins face-off versus Brian Gionta in Monarchs zone.
16:23 of 2nd period - Wrist shot by Brett Sterling.
16:23 of 2nd period - Shot Blocked by James Wisniewski.
16:25 of 2nd period - Wrist shot by Vladimir Mihalik.
16:25 of 2nd period - Shot Blocked by Matt Duchene.
16:27 of 2nd period - Wrist shot by Steven Goertzen.
16:27 of 2nd period - Stopped by Peter Budaj with a rebound.
16:29 of 2nd period - Wrist shot by Brett Sterling.
16:29 of 2nd period - Shot Hit the Post.
16:31 of 2nd period - Snap shot by Vladimir Mihalik.
16:31 of 2nd period - Goal by Vladimir Mihalik - Senators : 2 - Monarchs : 2.
16:32 of 2nd period - Matt Duchene wins face-off versus Josh Hennessy in neutral zone.
16:35 of 2nd period - Slapshot by Cory Sarich.
16:35 of 2nd period - Stopped by Jacob Markstrom without a rebound.
16:35 of 2nd period - Minor Penalty to Jacob Markstrom for Slashing.
16:36 of 2nd period - Josh Hennessy wins face-off versus Matt Duchene in Senators zone.
17:13 of 2nd period - Slapshot by Brian Pothier.
17:13 of 2nd period - Stopped by Jacob Markstrom without a rebound.
17:14 of 2nd period - Steven Goertzen wins face-off versus Tommy Wingels in Senators zone.
17:14 of 2nd period - Steven Goertzen is hit by Dwight King.
18:35 of 2nd period - Penalty to Erik Karlsson is over, Erik Karlsson is back on ice.
18:43 of 2nd period - Gabriel Bourque is hit by Justin Schultz and loses puck.
18:50 of 2nd period - Backhand shot by Marc-André Bernier.
18:50 of 2nd period - Stopped by Jacob Markstrom without a rebound.
18:51 of 2nd period - Brayden Schenn wins face-off versus Cody Hodgson in Senators zone.
18:52 of 2nd period - Wrist shot by Marc-André Bernier.
18:52 of 2nd period - Shot Blocked by Milan Jurcina.
18:54 of 2nd period - Snap shot by Matt Martin.
18:54 of 2nd period - Stopped by Jacob Markstrom without a rebound.
18:55 of 2nd period - Cody Hodgson wins face-off versus Brayden Schenn in Senators zone.
19:53 of 2nd period - Snap shot by David Clarkson.
19:53 of 2nd period - Shot Blocked by Dylan Hunter.
19:55 of 2nd period - Snap shot by David Clarkson.
19:55 of 2nd period - Stopped by Jacob Markstrom without a rebound.
19:56 of 2nd period - Brayden Schenn wins face-off versus Josh Hennessy in Senators zone.
Goals for this period are 1 for Senators vs 2 for Monarchs .
Shots for this period are 10 for Senators vs 13 for Monarchs .
3rd period
0:01 of 3rd period - Sergei Kostitsyn wins face-off versus Brock Trotter in neutral zone.
0:06 of 3rd period - Cory Sarich is hit by Sergei Kostitsyn and loses puck.
0:14 of 3rd period - Off-side.
0:15 of 3rd period - Matt Duchene wins face-off versus Cody Hodgson in neutral zone.
0:45 of 3rd period - Wrist shot by David Clarkson.
0:45 of 3rd period - Stopped by Jacob Markstrom with a rebound.
1:07 of 3rd period - Justin Schultz is hit by Mark Olver and loses puck.
1:27 of 3rd period - Snap shot by Jack Skille.
1:27 of 3rd period - Goal by Jack Skille - Senators : 3 - Monarchs : 2.
1:28 of 3rd period - Matt Duchene wins face-off versus Josh Hennessy in neutral zone.
2:13 of 3rd period - Snap shot by Sergei Kostitsyn.
2:13 of 3rd period - Shot Misses the Net.
2:15 of 3rd period - Wrist shot by Josh Hennessy.
2:15 of 3rd period - Stopped by Peter Budaj with a rebound.
2:17 of 3rd period - Slapshot by Vladimir Mihalik.
2:17 of 3rd period - Stopped by Peter Budaj with a rebound.
2:31 of 3rd period - Wrist shot by Brayden Schenn.
2:31 of 3rd period - Shot Misses the Net.
2:33 of 3rd period - Wrist shot by Marc-André Bernier.
2:33 of 3rd period - Deflect By Brayden Schenn.
2:33 of 3rd period - Stopped by Jacob Markstrom with a rebound.
2:35 of 3rd period - Wrist shot by Marc-André Bernier.
2:35 of 3rd period - Shot Misses the Net.
2:37 of 3rd period - Slapshot by Brian Pothier.
2:37 of 3rd period - Stopped by Jacob Markstrom without a rebound.
2:38 of 3rd period - Matt Duchene wins face-off versus Cody Hodgson in Senators zone.
2:54 of 3rd period - Minor Penalty to Cody Hodgson for Hooking.
2:55 of 3rd period - Matt Duchene wins face-off versus Josh Hennessy in Senators zone.
3:03 of 3rd period - Snap shot by Brian Gionta.
3:03 of 3rd period - Goal by Brian Gionta - Senators : 3 - Monarchs : 3.
3:04 of 3rd period - Matt Duchene wins face-off versus Cody Hodgson in neutral zone.
3:21 of 3rd period - Cory Sarich is hit by Logan Stephenson.
3:31 of 3rd period - Josh Hennessy is hit by Brayden Schenn and loses puck.
3:58 of 3rd period - James Wisniewski is hit by Mark Olver and loses puck.
5:56 of 3rd period - Tommy Wingels is hit by Mark Olver and loses puck.
6:13 of 3rd period - Slapshot by Sergei Kostitsyn.
6:13 of 3rd period - Shot Misses the Net.
6:25 of 3rd period - Patrick Wey is hit by Dwight King and loses puck.
6:38 of 3rd period - Snap shot by Jack Skille.
6:38 of 3rd period - Shot Blocked by Brian Pothier.
6:40 of 3rd period - Snap shot by Tyson Barrie.
6:40 of 3rd period - Deflect By Marc-André Bernier.
6:40 of 3rd period - Stopped by Peter Budaj without a rebound.
6:41 of 3rd period - Erik Haula wins face-off versus Brayden Schenn in Monarchs zone.
6:49 of 3rd period - Off-side.
6:50 of 3rd period - Matt Duchene wins face-off versus Josh Hennessy in neutral zone.
7:38 of 3rd period - Snap shot by David Clarkson.
7:38 of 3rd period - Shot Misses the Net.
7:44 of 3rd period - Snap shot by Marc-André Bernier.
7:44 of 3rd period - Shot Misses the Net.
7:46 of 3rd period - Slapshot by Matt Martin.
7:46 of 3rd period - Goal by Matt Martin - Senators : 3 - Monarchs : 4.
7:47 of 3rd period - Josh Hennessy wins face-off versus Matt Duchene in neutral zone.
7:55 of 3rd period - Wrist shot by Sergei Kostitsyn.
7:55 of 3rd period - Deflect By Stanislav Chistov.
7:55 of 3rd period - Shot Misses the Net.
7:55 of 3rd period - Puck is out of play.
7:56 of 3rd period - Matt Duchene wins face-off versus Josh Hennessy in Monarchs zone.
8:01 of 3rd period - Slapshot by Justin Schultz.
8:01 of 3rd period - Shot Blocked by Milan Jurcina.
8:07 of 3rd period - Wrist shot by Brian Gionta.
8:07 of 3rd period - Deflect By Matt Duchene.
8:07 of 3rd period - Deflect By Milan Jurcina.
8:07 of 3rd period - Shot Misses the Net.
8:07 of 3rd period - Puck is out of play.
8:08 of 3rd period - Matt Duchene wins face-off versus Josh Hennessy in Senators zone.
8:15 of 3rd period - Wrist shot by Matt Duchene.
8:15 of 3rd period - Stopped by Jacob Markstrom with a rebound.
8:56 of 3rd period - Snap shot by Marc-André Bernier.
8:56 of 3rd period - Shot Misses the Net.
8:58 of 3rd period - Minor Penalty to Dylan Hunter for Tripping.
8:59 of 3rd period - Josh Hennessy wins face-off versus Matt Duchene in Senators zone.
10:52 of 3rd period - Brian Gionta is hit by Vladimir Mihalik and loses puck.
10:58 of 3rd period - Penalty to Dylan Hunter is over, Dylan Hunter is back on ice.
11:05 of 3rd period - Wrist shot by Steven Goertzen.
11:05 of 3rd period - Shot Misses the Net.
11:47 of 3rd period - Mark Olver is hit by Alec Martinez and loses puck.
12:35 of 3rd period - Brett Sterling is hit by Dwight King and loses puck.
13:05 of 3rd period - Matt Duchene is hit by Vladimir Mihalik and loses puck.
13:10 of 3rd period - Snap shot by Mark Olver.
13:10 of 3rd period - Shot Misses the Net.
13:12 of 3rd period - Snap shot by Dylan Hunter.
13:12 of 3rd period - Shot Misses the Net.
13:14 of 3rd period - Snap shot by Mark Olver.
13:14 of 3rd period - Stopped by Peter Budaj with a rebound.
13:24 of 3rd period - Brian Pothier is hit by Dylan Hunter and loses puck.
15:21 of 3rd period - Minor Penalty to Steven Goertzen for Interference.
15:22 of 3rd period - Josh Hennessy wins face-off versus Matt Duchene in Senators zone.
15:22 of 3rd period - Josh Hennessy is hit by Cory Sarich.
16:45 of 3rd period - Brian Pothier is hit by Erik Karlsson and loses puck.
17:04 of 3rd period - Wrist shot by Matt Duchene.
17:04 of 3rd period - Stopped by Jacob Markstrom with a rebound.
17:06 of 3rd period - Snap shot by Matt Duchene.
17:06 of 3rd period - Stopped by Jacob Markstrom with a rebound.
17:21 of 3rd period - Penalty to Steven Goertzen is over, Steven Goertzen is back on ice.
17:48 of 3rd period - Patrick Wey is hit by Brian Gionta and loses puck.
19:01 of 3rd period - Senators, Jacob Markstrom is pulled from the net.
19:22 of 3rd period - Minor Penalty to Stanislav Chistov for Tripping.
19:23 of 3rd period - Jacob Markstrom from Senators was sent back in the game.
19:23 of 3rd period - Dylan Hunter wins face-off versus Tommy Wingels in Senators zone.
19:31 of 3rd period - Logan Stephenson is hit by Dwight King and loses puck.
19:38 of 3rd period - Wrist shot by James Wisniewski.
19:38 of 3rd period - Stopped by Jacob Markstrom with a rebound.
Goals for this period are 1 for Senators vs 2 for Monarchs .
Shots for this period are 5 for Senators vs 9 for Monarchs .
Output by the SimonT Hockey Simulator (STHS) for François Prévost -- Original Page W3C XHTML 1.0 Valid